 Dungeon Crawl Stone Soup version 0.24-a0-355-gbe4061de67 (webtiles) character file.

Game seed: 14949829125847390590

232 kaladindcss the Chopper (level 6, -5/53 HPs)
             Began as a Hill Orc Fighter on May 24, 2019.
             Killed by divine providence
             ... invoked by an orc priest
              (14 damage)
             ... on level 4 of the Dungeon.
             The game lasted 00:06:19 (2706 turns).

kaladindcss the Chopper (Hill Orc Fighter)          Turns: 2706, Time: 00:06:20

Health: -5/53      AC: 13    Str: 20    XL:     6   Next: 4%
Magic:  6/6        EV:  4    Int:  8    God:
Gold:   123        SH:  9    Dex: 11    Spells: 5/5 levels left

rFire    . . .     SeeInvis .   a - +0 war axe
rCold    . . .     Gourm    .   c - +0 shield
rNeg     . . .     Faith    .   i - +1 plate armour
rPois    .         Spirit   .   (no helmet)
rElec    .         Reflect  .   (no cloak)
rCorr    .         Harm     .   (no gloves)
MR       .....                  (no boots)
Stlth    ..........             (no amulet)
HPRegen  0.17/turn              (no ring)
MPRegen  0.10/turn              (no ring)

@: no status effects
A: no striking features
a: Convert to Beogh


You were on level 4 of the Dungeon.
You were not hungry.

You visited 1 branch of the dungeon, and saw 4 of its levels.

You collected 123 gold pieces.

Inventory:

Hand Weapons
 a - a +0 war axe (weapon)
Armour
 b - a +0 scale mail
 c - a +0 shield (worn)
 i - a +1 plate armour (worn)
Jewellery
 d - an uncursed amulet of faith
Wands
 s - a wand of polymorph (11)
Scrolls
 g - 2 scrolls of identify {unknown}
 k - 3 scrolls of teleportation {unknown}
 m - 2 scrolls of remove curse {unknown}
 o - a scroll of magic mapping {unknown}
 p - a scroll of enchant weapon {unknown}
 q - a scroll of amnesia {unknown}
 t - a scroll of fog {unknown}
Potions
 h - a potion of flight {unknown}
 j - a potion of curing {unknown}
 l - a potion of invisibility {unknown}
 n - a potion of might
 r - a potion of degeneration {unknown}
Comestibles
 f - 5 rations


   Skills:
 * Level 4.4 Fighting
 + Level 5.6 Axes
 + Level 4.6 Armour
 * Level 1.5 Dodging
 - Level 3.2 Shields


You had 5 spell levels left.
You didn't know any spells.
Your spell library was empty.

Dungeon Overview and Level Annotations

Branches:
Dungeon (4/15)
 Temple: D:4-7

Altars:
Dithmenos
Elyvilon
Qazlal
Xom

Portals:
Ossuary: D:4


Message History

You block the orc priest's attack.
The orc priest invokes the aid of Beogh against you.
Beogh smites you!
You closely miss the orc priest.
The orc priest calls down the wrath of Beogh upon you.
Pain shoots through your body!
The orc priest shouts, "Join the one true god or die!"
You slash the orc priest!
The orc priest is heavily wounded.
The orc priest invokes the aid of Beogh against you.
Beogh smites you! You block the orc priest's attack.
The orc priest mumbles some strange prayers to Beogh against you.
Beogh smites you!
* * * LOW HITPOINT WARNING * * *
As you read the scroll labeled YCSOOSH ZUMYAQ, it crumbles to dust.
It is a scroll of enchant armour.
Your +0 plate armour glows green for a moment.
The orc priest mumbles some strange prayers to Beogh against you.
Beogh smites you!
You die...

##### #####
#...#####..%#
#.#.@.oooo..###..
#...#####Z.......
#####.#######.....∩.
#.........# .......
#.###.###.# ..Z....
#.....# ##.##..
#..#### .# .
###..######. .#
#...........


You could see 3 orc priests, an orc and a gnoll zombie.

Vanquished Creatures
  A hound (D:2)
  Ijyb (D:3)
  A worker ant (D:4)
  A howler monkey zombie (D:3)
  5 adders
  2 worms (D:3)
  2 dart slugs
  6 leopard geckos
  2 orcs
  6 bats
  5 giant cockroaches
  8 goblins
  8 hobgoblins
  13 jackals
  5 quokkas (D:2)
  3 frilled lizards
  3 kobolds
  4 rats
  A plant (D:2)
77 creatures vanquished.

Vanquished Creatures (others)
  2 plants (D:2)
2 creatures vanquished.

Grand Total: 79 creatures vanquished

Notes
Turn   | Place    | Note
-------+----------+-------------------------------------------
     0 | D:1      | kaladindcss the Hill Orc Fighter began the quest for the
                  | Orb.
     0 | D:1      | Reached XP level 1. HP: 19/19 MP: 1/1
   160 | D:1      | Reached skill level 3 in Axes
   160 | D:1      | Reached XP level 2. HP: 27/27 MP: 2/2
   326 | D:1      | Reached XP level 3. HP: 33/33 MP: 3/3
   724 | D:2      | Found a stormy altar of Qazlal.
   805 | D:2      | Reached skill level 4 in Axes
   805 | D:2      | Reached XP level 4. HP: 11/40 MP: 4/4
   814 | D:2      | Reached skill level 1 in Dodging
  1572 | D:2      | Found a shimmering altar of Xom.
  1952 | D:2      | Reached XP level 5. HP: 46/46 MP: 5/5
  2031 | D:3      | Reached skill level 5 in Axes
  2146 | D:3      | Noticed Ijyb
  2160 | D:3      | Killed Ijyb
  2283 | D:3      | Found a white marble altar of Elyvilon.
  2284 | D:3      | Found a shadowy altar of Dithmenos.
  2511 | D:4      | Reached XP level 6. HP: 52/53 MP: 6/6
  2690 | D:4      | Found a sand-covered staircase.
  2706 | D:4      | Killed from afar by an orc priest

Levels and vault maps discovered:
D:1:      mrwooster_arrival_statue_3, layout_basic
D:2:      wad_woods_stonehenge, layout_basic, lemuel_coloured_pillars_altar
D:3:      layout_basic, nicolae_overflow_hidden_temple, uniq_ijyb
D:4:      layout_loops_corners, lemuel_temple_firewalk_a, enter_ossuary_3

Skill      XL: |  1  2  3  4  5 |
---------------+----------------+-----
Axes           | 3 4 5 |  5.6
Fighting       | 4 |  4.4
Armour         | 4 |  4.6
Dodging        | 1 |  1.5
Shields        | |  3.2

Action                   |  1- 3 |  4- 6 || total
-------------------------+-------+-------++-------
Melee: War axe           |   108 |   189 ||   297
       Unarmed           |       |     3 ||     3
  Use: Potion            |     1 |       ||     1
       Scroll            |       |     1 ||     1
  Eat: Chunk             |       |     5 ||     5
       Ration            |       |     1 ||     1
Armor: Scale mail        |    13 |       ||    13
       Plate armour      |    84 |   111 ||   195
Dodge: Dodged            |    20 |    30 ||    50
Block: Shield            |    65 |    93 ||   158

Table legend:
 A = Non-vault XP
 B = Vault XP
 C = Vault XP percentage of total XP
 D = Non-vault monster count
 E = Vault monster count
 F = Vault count percentage of total count
                 A         B        C        D         E       F
            +---------+---------+-------+---------+---------+-------
      Total |     272 |      60 |  18.1 |      69 |       7 |   9.2
            +---------+---------+-------+---------+---------+-------
        D:1 |      42 |       0 |   0.0 |      21 |       0 |   0.0
        D:2 |     100 |      24 |  19.4 |      25 |       6 |  19.4
        D:3 |      91 |      36 |  28.3 |      20 |       1 |   4.8
        D:4 |      39 |       0 |   0.0 |       3 |       0 |   0.0
            +---------+---------+-------+---------+---------+-------
